 Dungeon Crawl Stone Soup version 0.19.5 (webtiles) character file.

54 tilp the Skirmisher (level 3, -1/37 HPs)
             Began as a Troll Abyssal Knight on Mar 1, 2017.
             Was a Follower of Lugonu.
             Slain by an ogre
             ... wielding a +0 giant club
              (24 damage)
             ... on level 4 of the Dungeon.
             The game lasted 00:10:01 (1445 turns).

tilp the Skirmisher (Troll Abyssal Knight)          Turns: 1445, Time: 00:10:01

Health: -1/37      AC:  5    Str: 21    XL:     3   Next: 66%
Magic:  3/3        EV: 10    Int:  8    God:    Lugonu [*.....]
Gold:   68         SH:  0    Dex:  9    Spells: 0 memorised, 2 levels left

rFire  . . .     SeeInvis .     a - +1 mace
rCold  + . .     Gourm    +     b - +0 robe
rNeg   . . .     Faith    .     (no shield)
rPois  .         Spirit   .     i - +0 hat
rElec  .         Reflect  .     (no cloak)
rCorr  .         Harm     .     (gloves unavailable)
MR     .....                    (boots unavailable)
Stlth  +.........               (no amulet)
                                (no ring)
                                g - ring of protection from cold

@: no status effects
A: unfitting armour, claws 3, fast metabolism 3, gourmand, regeneration 1,
shaggy fur 1, tough skin 2
a: Depart the Abyss, Renounce Religion


You were on level 4 of the Dungeon.
You worshipped Lugonu.
Lugonu was aware of your devotion.
You were hungry.

You visited 1 branch of the dungeon, and saw 3 of its levels.
You visited the Abyss 1 time.

You collected 68 gold pieces.

Inventory:

Hand Weapons
 a - a +1 mace (weapon)
 d - a +0 mace
Missiles
 h - 51 stones (quivered)
Armour
 b - a +0 robe (worn)
 i - a +0 hat (worn)
 l - a cursed +0 robe
Jewellery
 g - a ring of protection from cold (left claw)
Scrolls
 m - 2 scrolls of identify {unknown}
Potions
 e - a potion of magic {unknown}
 f - a potion of lignification {unknown}
 j - a potion of agility {unknown}
 k - a potion of curing {unknown}
Comestibles
 c - 3 bread rations
 n - a royal jelly


   Skills:
 + Level 3.0 Fighting
 + Level 2.6 Maces & Flails
 + Level 2.2 Dodging
 + Level 1.7 Invocations


You had 2 spell levels left.
You didn't know any spells.

Dungeon Overview and Level Annotations

Branches:
Dungeon (2/15)

Altars:
Gozag


Innate Abilities, Weirdness & Mutations

You are too large for most types of armour.
You have claws for hands.
Your metabolism is lightning-fast.
You like to eat raw meat.
Your natural rate of healing is unusually fast.
You are covered in fur. (AC +1)
You have very tough skin. (AC +2)


Message History

Throwing (i - inventory):
h - 53 stones (quivered)
Press: ? - help, Shift-Dir - straight line, f/p - ogre
Aim: an ogre, wielding a giant club You throw a stone.
The stone hits the ogre but does no damage.
The ogre hits you with a giant club.
Throwing (i - inventory):
h - 52 stones (quivered)
Press: ? - help, Shift-Dir - straight line, f/p - ogre
Aim: an ogre, wielding a giant club You throw a stone.
The stone barely misses the ogre.
You barely miss the ogre. The ogre misses you.
The jackal barks!
You hit the ogre.
The ogre is lightly wounded.
The ogre hits you with a giant club!
You hit the ogre.
The ogre is lightly wounded.
The ogre hits you with a giant club!!
Ouch! That really hurt!
You die...

######### #..?....#
+.......+ #..=....#
#.......# #.......#
####.......#################
h...(.h((.O@..........††P...
≈≈≈....≈≈≈≈≈≈≈≈≈≈≈≈≈≈≈≈≈)†..
≈≈≈....≈≈≈≈≈≈≈≈≈≈≈≈≈≈≈≈≈≈≈..
≈≈≈....≈≈≈≈≈≈≈≈≈≈≈≈#####≈≈..
...................#ggg#≈≈..
###+'''#############.g.#≈≈..
... #'###≈≈P. .. ..#.≈≈≈..
#.≈≈≈..


You could see an ogre and a jackal.

Vanquished Creatures
  A gnoll (D:4)
  A worm (D:4)
  A dart slug (D:2)
  6 bats (D:1)
  A giant cockroach (D:1)
  5 goblins
  3 hobgoblins (D:1)
  8 jackals
  3 kobolds
  4 frilled lizards (D:1)
  3 rats
36 creatures vanquished.

Notes
Turn   | Place    | Note
-------+----------+-------------------------------------------
     0 | Abyss:1  | tilp the Troll Abyssal Knight began the quest for the Orb.
     0 | Abyss:1  | Reached XP level 1. HP: 22/22 MP: 1/1
    50 | Abyss:1  | Noticed a smoke demon
    56 | D:1      | Escaped the Abyss
   196 | D:1      | Reached XP level 2. HP: 22/29 MP: 2/2
   247 | D:1      | Reached * piety under Lugonu
   737 | D:1      | Reached skill level 3 in Fighting
   959 | D:2      | Reached XP level 3. HP: 37/37 MP: 3/3
  1145 | D:2      | Found an opulent altar of Gozag.
  1339 | D:2      | You fall through a shaft for 2 floors!
  1437 | D:4      | Noticed an ogre
  1445 | D:4      | Slain by an ogre

Skill      XL: |  1  2 |
---------------+-------+-----
Dodging        | 2 |  2.2
Maces & Flails | 2 |  2.6
Fighting       | 3 |  3.0
Invocations    | |  1.7

Action                   || total
-------------------------++-------
Melee: Mace              ||   118
Throw: Stone             ||     4
Invok: Depart the Abyss  ||     1
  Use: Scroll            ||     1
  Eat: Chunk             ||    10
Armor: Robe              ||    76
Dodge: Dodged            ||    95
